 Dungeon Crawl Stone Soup version 0.27.0-1-g7a089689b8 (webtiles) character file.

Game seed: 16908998899166558757

174 ZARRMARR the Skirmisher (level 5, -4/47 HPs)
             Began as a Draconian Berserker on Aug 9, 2021.
             Was a Believer of Trog.
             Splashed by a jelly's acid (9 damage)
             ... on level 3 of the Dungeon.
             The game lasted 00:13:54 (3482 turns).

ZARRMARR the Skirmisher (Draconian Berserker)       Turns: 3482, Time: 00:13:56

Health: -4/47      AC: -7    Str: 20    XL:     5   Next: 28%
Magic:  5/5        EV: 12    Int:  8    God:    Trog [**....]
Gold:   84         SH:  0    Dex: 10    Spells: 4/4 levels left

rFire    . . .     SeeInvis .   a - +0 mace
rCold    . . .     Faith    .   (no shield)
rNeg     . . .     Spirit   .   (armour unavailable)
rPois    .         Reflect  .   (helmet restricted)
rElec    .         Harm     .   (no cloak)
rCorr    .         Rampage  .   (no gloves)
Will     .....                  (no boots)
Stlth    +.........             i - amulet of the acrobat
HPRegen  0.15/turn              (no ring)
MPRegen  0.09/turn              (no ring)

@: corroded, on berserk cooldown, slowed, very slow
A: AC +5, unfitting armour, cold-blooded
a: Renounce Religion, Berserk, Trog's Hand


You were on level 3 of the Dungeon.
You worshipped Trog.
Trog was pleased with you.
You visited 1 branch of the dungeon, and saw 3 of its levels.

You collected 84 gold pieces.

Inventory:

Hand Weapons
 a - a +0 mace (weapon)
Missiles
 h - 69 stones (quivered)
 j - 23 poisoned darts
Magical Staves
 g - a staff of fire
Jewellery
 i - an amulet of the acrobat (around neck)
Scrolls
 d - a scroll of identify {unknown}
 e - a scroll of amnesia {unknown}
 f - 3 scrolls of teleportation {unknown}
Potions
 b - a potion of degeneration {unknown}
 c - a potion of resistance {unknown}
 k - a potion of might {unknown}


   Skills:
 + Level 4.3 Fighting
 + Level 4.3 Maces & Flails
 + Level 0.5 Throwing
 + Level 3.5 Dodging
 + Level 1.3 Stealth


You had 4 spell levels left.
You didn't know any spells.
Your spell library contained the following spells:

 Spells                   Type           Power      Damage    Failure   Level
 Corpse Rot               Necr/Air       N/A        N/A       54%         2
 Poisonous Vapours        Pois/Air       0%         N/A       54%         2
 Ozocubu's Armour         Ice            0%         N/A       78%         3
 Freezing Cloud           Conj/Ice/Air   0%         6-21      100%        5
 Metabolic Englaciation   Hex/Ice        0%         N/A       100%        5
 Simulacrum               Ice/Necr       0%         N/A       100%        6


Dungeon Overview and Level Annotations

Branches:
Dungeon (3/15)

Altars:
Nemelex Xobeh

Annotations:
D:2 Sigmund


Innate Abilities, Weirdness & Mutations

Your plain brown scales are hard. (AC +5)
You cannot fit into any form of body armour.
You are cold-blooded and may be slowed by cold attacks.


Message History

The jelly quivers.
The endoplasm quivers. x2
There is an open door here.
You are too berserk!
You are no longer berserk.
You are exhausted.
You feel yourself slow down.
You start resting.
An endoplasm is nearby!
You hit the endoplasm.
You kill the endoplasm!
Trog accepts your kill.
You hit the endoplasm but do no damage. The endoplasm closely misses you.
The endoplasm barely misses you.
You hit the endoplasm.
You kill the endoplasm!
Trog accepts your kill. The jelly barely misses you.
You hit the jelly.
Your hands burn!
You tail-slap the jelly.
The jelly is moderately wounded.
The jelly misses you. The jelly barely misses you.
You hit the jelly but do no damage.
Your hands burn!
The jelly is moderately wounded.
The jelly closely misses you.
You sock the jelly! The acid corrodes you!
Your hands burn!
The jelly is severely wounded.
The jelly completely misses you. The jelly misses you.
You hit the jelly.
Your hands burn!
The jelly is severely wounded.
The jelly completely misses you. The jelly barely misses you.
You hit the jelly.
Your hands burn!
The jelly is almost dead.
The jelly misses you.
You hit the jelly but do no damage. The acid corrodes you!
Your hands burn!
The jelly is almost dead.
The jelly hits you.
You are splashed with acid!
* * * LOW HITPOINT WARNING * * *
The jelly hits you.
* * * LOW HITPOINT WARNING * * *
You are splashed with acid!
You die...

#.##.###.....###.# ##....##.#
#.##.##.......##.###.....##.#
#.#####.......##.........##.#
#.# #......(######.....##.#
#.# #.......# ##....##.. #.#
####....# ##....... #†#
##..'....# #.#.#### ##.##
#.######## #.#.#
####.#.####.)...@## #.#.#
....###.# #######J# #.#.#
.###.#.## ...÷÷.÷J.# #.#.# .#
##.## .P÷.(....# #.#.#### .#
### .......P.# #....... ##
.J.J.....# #.#.####
.J.......# ##.### #########
(..P.P..÷# ##...## ........#
########## ##.#.#.##


You could see a jelly and an endoplasm.

Vanquished Creatures
  A jelly (D:3)
  Natasha (twice) (D:3)
  2 adders
  A gnoll (D:1)
  A worm (D:3)
  A dart slug (D:1)
  4 ball pythons
  9 endoplasms
  6 giant cockroaches
  3 goblins
  6 hobgoblins
  3 quokkas
  3 bats
  6 frilled lizards
  10 kobolds
  4 rats
62 creatures vanquished.

Vanquished Creatures (others)
  2 fungi (D:3)
  10 toadstools (D:3)
12 creatures vanquished.

Grand Total: 74 creatures vanquished

Notes
Turn   | Place    | Note
-------+----------+-------------------------------------------
     0 | D:1      | ZARRMARR the Draconian Berserker began the quest for the
                  | Orb.
     0 | D:1      | Reached XP level 1. HP: 19/19 MP: 1/1
   292 | D:1      | Found a faded altar of an unknown god.
   318 | D:1      | Reached XP level 2. HP: 13/26 MP: 2/2
   627 | D:1      | Found a sparkling altar of Nemelex Xobeh.
  1181 | D:1      | Reached XP level 3. HP: 33/33 MP: 3/3
  1877 | D:2      | Reached ** piety under Trog
  2217 | D:2      | Noticed Sigmund
  2406 | D:2      | Reached XP level 4. HP: 40/40 MP: 4/4
  3064 | D:3      | Noticed Natasha
  3071 | D:3      | Killed Natasha
  3072 | D:3      | Reached skill level 1 in Stealth
  3123 | D:3      | Noticed Natasha
  3132 | D:3      | Killed Natasha
  3440 | D:3      | Reached XP level 5. HP: 45/46 MP: 5/5
  3482 | D:3      | Splashed by a jelly's acid

Illustrated notes

Levels and vault maps discovered:
D:1:      sevenhm_arrival_forest_fort_small_6, layout_loops_corners,
          shapermc_ecumenical_altar_flowoftime
D:2:      layout_loops_cross, uniq_sigmund
D:3:      cheibrodos_fertilizer, layout_loops_ring, uniq_natasha

Skill      XL: |  1  2  3  4 |
---------------+-------------+-----
Dodging        | 3 |  3.5
Fighting       | 4 |  4.3
Stealth        | 1 |  1.3
Maces & Flails | 4 |  4.3
Throwing       | |  0.5

Action                   |  1- 3 |  4- 6 || total
-------------------------+-------+-------++-------
Melee: Mace              |    95 |    61 ||   156
       Tailslap          |     9 |     7 ||    16
Throw: Stone             |     5 |    18 ||    23
Invok: Berserk           |     6 |     5 ||    11
 Stab: Sleeping          |     2 |     1 ||     3
Armor: Skin              |    28 |     4 ||    32
Dodge: Dodged            |    55 |    37 ||    92
